 Dungeon Crawl Stone Soup version 0.28-a0-726-g4a9143789a (webtiles) character file.

Game seed: 11058183400061012145

62294 Ska the Severer (level 14, -1/138 HPs)
             Began as a Minotaur Berserker on Oct 27, 2021.
             Was the Champion of Trog.
             Slain by a jiangshi (14 damage)
             ... led by a vampire mage
             ... on level 1 of the Depths.
             The game lasted 01:03:39 (17833 turns).

Ska the Severer (Minotaur Berserker)               Turns: 17833, Time: 01:03:40

Health: -1/138     AC: 42    Str: 25    XL:     14   Next: 63%
Magic:  13/13      EV: 18    Int:  4    God:    Trog [******]
Gold:   1131       SH:  0    Dex: 24    Spells: 13/13 levels left

rFire   . . .      SeeInvis .   P - +7 battleaxe of Frustration {vorpal, rCorr Dex+3}
rCold   . . .      Faith    .   (shield currently unavailable)
rNeg    . . .      Spirit   .   F - +27 Lear's hauberk
rPois   +          Reflect  .   (helmet currently unavailable)
rElec   +          Harm     .   q - +1 cloak {Will+}
rCorr   +          Rampage  .   (gloves currently unavailable)
Will    +....      NoCast   +   (boots currently unavailable)
Stlth   ..........              b - amulet "Woffug" {-Cast rElec rPois Regen+ Str+3}
HPRegen 1.33/turn               v - +4 ring of evasion
MPRegen 0.13/turn               d - +6 ring of dexterity

@: confused, weak-willed, marked, on berserk cooldown, slowed, very slow
A: horns 2, retaliatory headbutt
a: Renounce Religion, Berserk, Trog's Hand, Brothers in Arms


You were on level 1 of the Depths.
You worshipped Trog.
Trog was exalted by your worship.
You visited 2 branches of the dungeon, and saw 16 of its levels.

You collected 1131 gold pieces.

Inventory:

Hand Weapons
 h - the +9 shortbow of the Shining Light {freeze, Dex+5}
   (You found it on level 7 of the Dungeon)

   Any ammunition fired from it freezes those it strikes, dealing additional
   cold damage.
   It can also slow down cold-blooded creatures.
   Dex:       It affects your dexterity (+5).
 P - the +7 battleaxe of Frustration (weapon) {vorpal, rCorr Dex+3}
   (Trog gifted it to you on level 11 of the Dungeon)

   It inflicts extra damage upon your enemies.
   Dex:       It affects your dexterity (+3).
   rCorr:     It protects you from acid and corrosion.
 R - a +1 antimagic battleaxe
 U - a +3 antimagic broad axe
 Z - a +0 antimagic executioner's axe
Missiles
 n - 9 javelins (quivered)
 y - 501 arrows
 G - a throwing net
 X - 2 silver javelins
Armour
 q - a +1 cloak of willpower (worn)
 F - the +27 Lear's hauberk (worn)
   (You found it on level 6 of the Dungeon)
 V - the +5 pair of gloves "Bighy" {Rampage rCorr}
   (You found it on level 14 of the Dungeon)

   rCorr:     It protects you from acid and corrosion.
   Rampage:   It bestows one free step when moving towards enemies.
Jewellery
 b - the amulet "Woffug" (around neck) {-Cast rElec rPois Regen+ Str+3}
   (You found it on level 1 of the Depths)

   [amulet of regeneration]

   Str:       It affects your strength (+3).
   rElec:     It insulates you from electricity.
   rPois:     It protects you from poison.
   -Cast:     It prevents spellcasting.
   Regen:     It increases your rate of health regeneration.
 d - a +6 ring of dexterity (right hand)
 v - a +4 ring of evasion (left hand)
 Y - an amulet of regeneration
Wands
 f - a wand of paralysis (8)
 S - a wand of digging (5)
Scrolls
 a - a scroll of enchant armour
 c - 7 scrolls of teleportation
 e - a scroll of identify
 i - a scroll of summoning
 l - 2 scrolls of enchant weapon
 s - 6 scrolls of fog
 z - 2 scrolls of acquirement
 B - 3 scrolls of fear
 D - 2 scrolls of magic mapping
 L - 2 scrolls of blinking
 N - 2 scrolls of immolation {unknown}
 T - a scroll of silence {unknown}
Potions
 g - 5 potions of haste {unknown}
 j - a potion of invisibility {unknown}
 m - 5 potions of might {unknown}
 o - a potion of curing {unknown}
 p - 3 potions of lignification {unknown}
 r - 2 potions of brilliance {unknown}
 u - 2 potions of attraction {unknown}
 w - a potion of heal wounds {unknown}
 I - a potion of berserk rage {unknown}
Miscellaneous
 M - a lightning rod (4/4)


   Skills:
 + Level 16.5 Fighting
 - Level 20.0 Axes
 + Level 0.3 Throwing
 + Level 13.5 Armour
 + Level 7.6 Dodging
 + Level 3.0 Stealth
 + Level 7.2 Shields


You had 13 spell levels left.
You didn't know any spells.
Your spell library was empty.

Dungeon Overview and Level Annotations

Branches:
Dungeon (15/15)            Temple (0/1) D:4            Lair (0/6) D:8
    Orc (0/2) D:12         Vaults (0/5) D:14         Depths (1/4) D:15

Altars:
Elyvilon
Gozag
Hepliaklqana

Shops:
D:8 [

Portals:
Hell: Depths:1

Annotations:
D:8 to lair
D:12 orcish mines
D:14 gate to vault
D:15 staircase to Depths


Innate Abilities, Weirdness & Mutations

You have a pair of horns on your head.
You reflexively headbutt those who attack you in melee.


Message History

* * * LOW HITPOINT WARNING * * *
The jiangshi draws strength from your injuries!
You slice the jiangshi!!
You destroy the jiangshi!
Trog accepts your kill.
You slash the phantasmal warrior! You slash the jiangshi!
You closely miss the jiangshi. The jiangshi closely misses you.
You furiously retaliate!
You headbutt the jiangshi!
The jiangshi claws you but does no damage.
The phantasmal warrior hits you!!
* * * LOW HITPOINT WARNING * * *
Your willpower is stripped away!
You slice the jiangshi!!
The jiangshi is almost destroyed.
You slice the jiangshi!! You barely miss the phantasmal warrior.
Unknown command.
The vampire knight casts a spell.
The vampire knight seems to speed up.
Things that are here:
a +0 robe; a spriggan corpse You feel a strong urge to attack something.
You are no longer berserk.
You are exhausted.
You feel yourself slow down. The phantasmal warrior gestures at you.
The phantasmal warrior blinks!
The jiangshi claws you but does no damage.
The jiangshi barely misses you.
The jiangshi claws you but does no damage. x2
A vampire mage comes into view.
The glowing orange brain pulsates.
You are confused.
The phantasmal warrior gestures at you.
The phantasmal warrior blinks!
The vampire knight casts a spell at you.
The vampire knight blinks!
A tengu warrior comes into view. It is wielding a +0 great sword.
You bump into the rock wall.
The jiangshi barely misses you. The jiangshi claws you!
You die...

P.. #... ....
#Q.## .P...###...#
#....V§§.####.#.
#.#.##.D.[D..V..
#....G.######.##
######V# #V# #@#
################V#
........[.......W#
##################


You could see a fire dragon, a vampire knight (fast), 2 jiangshi, a tengu
warrior, a glowing orange brain, a vampire mage and a phantasmal warrior.

Vanquished Creatures
  3 frost giants (Depths:1)
  Louise (D:14)
  A balrug (Depths:1)
  An iron dragon (Depths:1)
  An ettin (D:15)
  A jiangshi (Depths:1)
  A great orb of eyes (Depths:1)
  2 vault guards (D:14)
  3 fire dragons (Depths:1)
  A rakshasa (Depths:1)
  7 centaur warriors
  The ghost of DungeonMaster the Fighter, a journeyman DsWn of Gozag (D:11)
  2 ice dragons (Depths:1)
  4 boulder beetles
  2 hydras
  A spriggan air mage (Depths:1)
  2 two-headed ogres
  A hell beast (Depths:1)
  2 deep troll shamans (Depths:1)
  A deep troll earth mage (Depths:1)
  A soul eater (Depths:1)
  3 tengu warriors (D:15)
  4 skeletal warriors (D:15)
  4 deep trolls
  5 wizards
  A necromancer (D:15)
  An orc knight (D:15)
  A deep elf pyromancer (D:14)
  A deep elf zephyrmancer (D:15)
  3 ugly things
  An orc sorcerer (D:9)
  5 cyclopes
  2 manticores
  An unseen horror (D:12)
  5 kobold demonologists
  A yaktaur (D:14)
  A yaktaur (shapeshifter) (D:14)
  A tengu conjurer (D:13)
  3 trolls
  18 slime creatures
  Grinder (D:3)
  A hornet (D:9)
  A meliai zombie (D:11)
  2 centaur simulacra
  21 yaks
  A shadow (D:7)
  A wraith (D:10)
  3 wyverns
  19 humans (D:14)
  3 basilisks
  3 steam dragons
  14 vampire mosquitoes
  An acid dragon (D:13)
  2 water moccasins
  A sky beast (D:6)
  10 orc warriors
  An ice beast (D:6)
  A swamp drake (D:12)
  3 black bears
  5 ogres
  13 centaurs
  2 kobold brigands (D:10)
  A gnoll sergeant (D:8)
  2 bullfrogs (D:8)
  A wyvern zombie (D:7)
  3 scorpions
  A wyvern skeleton (D:7)
  2 water moccasin skeletons (D:6)
  15 killer bees
  6 howler monkeys
  3 wights (D:8)
  5 centaur zombies
  3 hounds
  A jelly (D:7)
  Crazy Yiuf (D:3)
  A gnoll shaman (D:9)
  11 orc priests
  2 iguanas (D:6)
  17 orc wizards
  A howler monkey zombie (D:10)
  11 gnolls
  2 howler monkey skeletons (D:7)
  7 adders
  2 shadow imps
  2 white imps (D:6)
  An ufetubus (D:6)
  A worm (D:2)
  2 dart slugs
  54 orcs
  4 endoplasms
  3 giant cockroaches
  12 hobgoblins
  3 quokkas
  4 ball pythons
  5 bats
  13 kobolds
  8 rats
  A spectral hobgoblin (D:15)
420 creatures vanquished.

Vanquished Creatures (others)
  10 fungi
  8 plants
  4 withered plants (Depths:1)
22 creatures vanquished.

Grand Total: 442 creatures vanquished

Notes
Turn   | Place    | Note
-------+----------+-------------------------------------------
     0 | D:1      | Ska the Minotaur Berserker began the quest for the Orb.
     0 | D:1      | Reached XP level 1. HP: 19/19 MP: 0/0
  1019 | D:2      | Reached skill level 4 in Axes
  1019 | D:2      | Reached XP level 2. HP: 14/27 MP: 1/1
  1023 | D:2      | Reached XP level 3. HP: 22/33 MP: 2/2
  1465 | D:2      | Reached XP level 4. HP: 35/41 MP: 3/3
  1700 | D:2      | Found a faded altar of an unknown god.
  2177 | D:3      | Noticed Grinder
  2197 | D:3      | Paralysed by Grinder for 5 turns
  2204 | D:3      | Killed Grinder
  2205 | D:3      | Reached skill level 5 in Fighting
  2205 | D:3      | Reached skill level 6 in Axes
  2205 | D:3      | Reached skill level 1 in Stealth
  2205 | D:3      | Reached XP level 5. HP: 16/48 MP: 4/4
  2205 | D:3      | Reached XP level 6. HP: 19/56 MP: 5/5
  2599 | D:3      | Reached ** piety under Trog
  3483 | D:3      | Found a runed translucent door.
  3484 | D:3      | Noticed Crazy Yiuf
  3492 | D:3      | Killed Crazy Yiuf
  3871 | D:4      | Found a staircase to the Ecumenical Temple.
  3963 | D:4      | Reached skill level 7 in Axes
  3963 | D:4      | Reached XP level 7. HP: 54/61 MP: 6/6
  4346 | D:4      | Found an opulent altar of Gozag.
  4532 | D:5      | Entered Level 5 of the Dungeon
  4718 | D:5      | Noticed a yak
  4718 | D:5      | Noticed a yak
  4719 | D:5      | Noticed a yak
  4729 | D:5      | Killed a yak
  4729 | D:5      | Killed a yak
  4730 | D:5      | Reached skill level 8 in Axes
  4732 | D:5      | Killed a yak
  4733 | D:5      | Reached XP level 8. HP: 35/70 MP: 7/7
  5646 | D:5      | Reached skill level 9 in Axes
  5646 | D:5      | Reached skill level 5 in Armour
  6446 | D:6      | Noticed a troll
  6463 | D:6      | Killed a troll
  6464 | D:6      | Reached skill level 10 in Axes
  6895 | D:6      | Reached *** piety under Trog
  7102 | D:6      | Reached XP level 9. HP: 79/79 MP: 8/8
  7163 | D:6      | Reached skill level 5 in Dodging
  7500 | D:6      | Found the +27 Lear's hauberk
  7935 | D:7      | Reached skill level 11 in Axes
  8194 | D:7      | Identified the +9 shortbow of the Shining Light {freeze,
                  | Dex+5}
  8814 | D:8      | Reached **** piety under Trog
  8835 | D:8      | Identified the +4 chain mail of Lust {-Tele rElec Dex+7
                  | Slay+5}
  8950 | D:8      | Reached skill level 12 in Axes
  8993 | D:8      | Reached XP level 10. HP: 90/90 MP: 9/9
  9001 | D:8      | Reached skill level 1 in Shields
  9016 | D:8      | Found a staircase to the Lair.
  9231 | D:8      | Found Sausches's Antique Armour Shop.
  9275 | D:8      | Reached skill level 13 in Axes
  9688 | D:9      | Noticed an orc sorcerer
  9695 | D:9      | Killed an orc sorcerer
  9695 | D:9      | Reached ***** piety under Trog
  9960 | D:9      | Noticed a two-headed ogre
  9969 | D:9      | Killed a two-headed ogre
  9970 | D:9      | Reached skill level 14 in Axes
 10306 | D:9      | Noticed a white ugly thing
 10311 | D:9      | Reached XP level 11. HP: 99/99 MP: 10/10
 10322 | D:9      | Killed a white ugly thing
 10323 | D:9      | Reached skill level 10 in Fighting
 11110 | D:10     | Entered Level 10 of the Dungeon
 11287 | D:10     | Reached skill level 5 in Shields
 11956 | D:11     | Reached skill level 15 in Axes
 12048 | D:11     | Identified the +7 battleaxe of Frustration {vorpal, rCorr
                  | Dex+3} (Trog gifted it to you on level 11 of the Dungeon)
 12048 | D:11     | Received a gift from Trog
 12137 | D:11     | Found a white marble altar of Elyvilon.
 12253 | D:11     | Noticed a centaur warrior
 12259 | D:11     | Killed a centaur warrior
 12459 | D:11     | Found a runed translucent door.
 12463 | D:11     | Noticed DungeonMaster's ghost (journeyman DsWn)
 12481 | D:11     | Killed DungeonMaster's ghost
 13015 | D:12     | Noticed a seven-headed hydra
 13016 | D:12     | Noticed a boulder beetle
 13025 | D:12     | Killed a 12-headed hydra
 13026 | D:12     | Reached XP level 12. HP: 110/110 MP: 11/11
 13027 | D:12     | Killed a boulder beetle
 13028 | D:12     | Reached skill level 10 in Armour
 13109 | D:12     | Noticed a boulder beetle
 13119 | D:12     | Killed a boulder beetle
 13184 | D:12     | Reached skill level 16 in Axes
 13606 | D:12     | Reached skill level 17 in Axes
 13616 | D:12     | Noticed a boulder beetle
 13630 | D:12     | Killed a boulder beetle
 14114 | D:12     | Found a staircase to the Orcish Mines.
 14133 | D:12     | Received a gift from Trog
 14144 | D:12     | Identified 2 scrolls of acquirement
 14223 | D:13     | Noticed a centaur warrior
 14223 | D:13     | Noticed a centaur warrior
 14246 | D:13     | Killed a centaur warrior
 14247 | D:13     | Killed a centaur warrior
 14509 | D:13     | Found the +6 shillelagh "Devastator" {shatter}
 14550 | D:13     | Noticed an eight-headed hydra
 14559 | D:13     | Killed a 13-headed hydra
 14560 | D:13     | Reached skill level 18 in Axes
 14853 | D:13     | Noticed a boulder beetle
 14878 | D:13     | Killed a boulder beetle
 14879 | D:13     | Reached XP level 13. HP: 106/119 MP: 12/12
 15454 | D:14     | Noticed Louise
 15463 | D:14     | Reached skill level 19 in Axes
 15486 | D:14     | Killed Louise
 15486 | D:14     | Received a gift from Trog
 15858 | D:14     | Identified the +5 pair of gloves "Bighy" {Rampage rCorr}
 15971 | D:14     | Found a gate to the Vaults.
 15983 | D:14     | Reached ****** piety under Trog
 16232 | D:15     | Entered Level 15 of the Dungeon
 16285 | D:15     | Reached skill level 20 in Axes
 16415 | D:15     | Noticed an ettin
 16438 | D:15     | Killed an ettin
 16810 | D:15     | Found a staircase to the Depths.
 16864 | D:15     | Reached XP level 14. HP: 133/133 MP: 13/13
 17061 | D:15     | Found a hazy altar of Hepliaklqana.
 17215 | D:15     | Received a gift from Trog
 17437 | Depths:1 | Entered Level 1 of the Depths
 17444 | Depths:1 | Reached skill level 15 in Fighting
 17452 | Depths:1 | Noticed a frost giant
 17470 | Depths:1 | Killed a frost giant
 17571 | Depths:1 | Noticed a balrug
 17577 | Depths:1 | Noticed an iron dragon
 17578 | Depths:1 | Found a gateway to Hell.
 17587 | Depths:1 | Killed an iron dragon
 17611 | Depths:1 | Killed a balrug
 17714 | Depths:1 | Identified the amulet "Woffug" {-Cast rElec rPois Regen+
                  | Str+3}
 17763 | Depths:1 | Paralysed by a great orb of eyes for 6 turns
 17796 | Depths:1 | Noticed a frost giant
 17800 | Depths:1 | Noticed a frost giant
 17807 | Depths:1 | Killed a frost giant
 17810 | Depths:1 | Killed a frost giant
 17824 | Depths:1 | Noticed a vampire knight
 17826 | Depths:1 | HP: 5/207 [phantasmal warrior (20)]
 17833 | Depths:1 | Slain by a jiangshi

Illustrated notes

Levels and vault maps discovered:
D:1:      wheals_arrival_linesprint, layout_basic,
          amcnicky_mini_rare_corridor_liquid
D:2:      layout_loops_ring, chequers_ecumenical_altar_simple_redux,
          kennysheep_decorative_pillar
D:3:      layout_basic, uniq_crazy_yiuf_cottage, uniq_grinder
D:4:      layout_loops_ring, nicolae_gozag_cash_rules_everything_around_me,
          minmay_temple_entry_gardened_gates, serial_glass, glass_columns_b,
          glass_columns_c, hangedman_decor_clover_reticule
D:5:      kennysheep_steamy, layout_layer_cave
D:6:      layout_cave_pods, hellmonk_guarded_unrand_lears
D:7:      layout_rooms
D:8:      layout_cave_pools, grunt_lair_entry_orc_guard_hut, serial_shops, shop,
          special_room [special_room_orc]
D:9:      layout_layer_cave, minmay_librarian
D:10:     layout_loops_cross
D:11:     layout_irregular_city, ebering_ghost_reflecting_pool, elyvilon_altar_5
D:12:     layout_big_octagon, erik_orc_1, minmay_microvault
D:13:     layout_basic
D:14:     layout_roguey, grunt_vaults_entry_tiered, hangedman_glass_teeth,
          uniq_louise
D:15:     hangedman_depths_entry_civil_slaughter, layout_basic,
          grunt_decor_fettered, nicolae_hepliaklqana_monster_ancestors
Depths:1: layout_basic, grunt_mini_vestibule, rand_demon_pan_entry_4,
          serial_shops, shop, enter_trove_2, minmay_st_funbox,
          hangedman_abyss_or_decor_jellyfish_corner, kiku_gazebo_garden_becter,
          minmay_shop_star

Skill      XL: |  1  2  3  4  5  6  7  8  9 10 11 12 13 14 |
---------------+-------------------------------------------+-----
Fighting       | 4 5 6 7 8 9 11 12 14 16 | 16.5
Axes           | 4 6 7 8 10 12 14 15 18 20 | 20.0
Armour         | 3 4 6 8 9 11 12 13 | 13.5
Dodging        | 3 4 5 6 7 |  7.6
Stealth        | 1 2 3 |  3.0
Shields        | 4 7 |  7.2
Throwing       | |  0.3

Action                   |  1- 3 |  4- 6 |  7- 9 | 10-12 | 13-15 || total
-------------------------+-------+-------+-------+-------+-------++-------
Melee: Hand axe          |    40 |    57 |       |       |       ||    97
       Headbutt          |     4 |    19 |    57 |   144 |    77 ||   301
       War axe           |       |    38 |   215 |   256 |       ||   509
       Battleaxe         |       |       |       |   155 |   251 ||   406
Throw: Javelin           |       |       |       |     2 |       ||     2
Invok: Berserk           |     1 |       |     6 |     3 |     3 ||    13
  Use: Scroll            |       |       |     7 |     3 |     2 ||    12
 Stab: Sleeping          |       |     2 |       |       |       ||     2
Armor: Leather armour    |     5 |    35 |     3 |       |       ||    43
       Animal skin       |     1 |       |       |       |       ||     1
       Plate armour      |       |       |    86 |       |       ||    86
       Chain mail        |       |       |    62 |   297 |   273 ||   632
Dodge: Dodged            |    25 |    63 |   110 |   320 |   232 ||   750
Block: Kite shield       |       |       |     8 |   163 |       ||   171

Table legend: (Time is in decaauts)
 A = Elapsed time spent in this place.
 B = Non-inter-level travel time spent in this place.
 C = Inter-level travel time spent in this place.
 D = Time resting spent in this place.
 E = Time spent auto-exploring this place.
 F = Levels seen in this place.
 G = Mean time per level.
                   A        B        C        D        E       F      G
               +--------+--------+--------+--------+--------+-----+--------+
         Total |  17884 |  17346 |    538 |   2600 |  11814 |  16 | 1117.8 |
       Dungeon |  17515 |  16977 |    538 |   2522 |  11692 |  15 | 1167.7 |
        Depths |    369 |    369 |      0 |     77 |    122 |   1 |  369.0 |
               +--------+--------+--------+--------+--------+-----+--------+

Top non-repeatable levels by time:
     D:5: 1629 daAuts
     D:6: 1617 daAuts
     D:9: 1602 daAuts
     D:3: 1497 daAuts
    D:12: 1222 daAuts
    D:15: 1199 daAuts
     D:2: 1194 daAuts
    D:11: 1185 daAuts
    D:14: 1108 daAuts
     D:1: 998 daAuts
     D:8: 933 daAuts
    D:13: 877 daAuts
     D:7: 871 daAuts
     D:4: 865 daAuts
    D:10: 712 daAuts
